 Dungeon Crawl Stone Soup version 0.20-a0-553-gbaa0004 (webtiles) character file.

93 useraccount the Skirmisher (level 4, -1/34 HPs)
             Began as a Cyno Skald on Feb 5, 2017.
             Was an Initiate of Hepliaklqana.
             Killed by divine providence
             ... invoked by an orc priest
              (13 damage)
             ... on level 3 of the Dungeon.
             The game lasted 00:02:48 (2492 turns).

useraccount the Skirmisher (Cyno Skald)             Turns: 2492, Time: 00:02:48

Health: -1/34      AC:  4    Str: 11    XL:     4   Next: 15%
Magic:  8/8        EV: 12    Int: 13    God:    Hepliaklqana [......]
Gold:   78         SH:  0    Dex: 13    Spells: 0/9 levels left

rFire    . . .     SeeInvis .   a - +0 spear
rCold    . . .     Gourm    .   b - +0 leather armour
rNeg     . . .     Faith    .   (no shield)
rPois    .         Spirit   .   (no helmet)
rElec    .         Reflect  .   m - +0 cloak
rCorr    .         Harm     .   (no gloves)
MR       .....                  (no boots)
Stlth    +.........             (no amulet)
Regen    0.2/turn               (no ring)
                                (no ring)

@: no status effects
A: short attention span, reduced essence, strong nose 1
a: Recall Ancestor, Ancestor Identity, Renounce Religion


You were on level 3 of the Dungeon.
You worshipped Hepliaklqana.
Hepliaklqana was noncommittal.
You were not hungry.

You visited 1 branch of the dungeon, and saw 3 of its levels.

You collected 78 gold pieces.

Inventory:

Hand Weapons
 a - a +0 spear (weapon)
Armour
 b - a +0 leather armour (worn)
 m - a +0 cloak (worn)
Scrolls
 e - 3 scrolls of identify {unknown}
 g - 2 scrolls of fear {unknown}
 j - 2 scrolls of remove curse {unknown}
 l - a scroll of teleportation {unknown}
Potions
 h - a potion of magic {unknown}
 i - 2 potions of degeneration {unknown}
Books
 c - a book of Battle

   Spells                             Type                      Level
   a - Infusion                       Charms                       1
   b - Shroud of Golubria             Charms/Translocation         2
   c - Song of Slaying                Charms                       2
   d - Spectral Weapon                Hexes/Charms                 3
   e - Regeneration                   Charms/Necromancy            3
Comestibles
 d - a bread ration
 f - a royal jelly
 k - a meat ration
 n - 6 chunks of flesh


   Skills:
 + Level 4.8 Fighting
 + Level 4.7 Polearms
 - Level 1.3 Armour
 - Level 2.6 Dodging
 - Level 3.0 Spellcasting
 - Level 4.0 Charms


You couldn't memorise any spells.
You knew the following spells:

 Your Spells              Type           Power        Failure   Level  Hunger
a - Infusion              Chrm           ##..         8%          1    #......
b - Song of Slaying       Chrm           ##......     12%         2    ###....
c - Spectral Weapon       Hex/Chrm       #.......     43%         3    ###....
d - Regeneration          Chrm/Necr      #.........   43%         3    ###....


Dungeon Overview and Level Annotations

Branches:
Dungeon (3/15)

Altars:
Hepliaklqana
Ru
Uskayaw

Annotations:
D:3 1 runed door


Innate Abilities, Weirdness & Mutations

You have a short attention span.
You have a good sense of smell.
Your life essence is reduced. (-10% HP)


Message History

The orc shouts! x2
You swap places.
There is an escape hatch in the ceiling here.
The orc priest mumbles some strange prayers to Beogh against you.
Beogh smites you!
The orc priest mumbles some strange prayers to Beogh against you.
Beogh smites you!
* * * LOW HITPOINT WARNING * * *
The orc priest looks braver for a moment.
A frilled lizard comes into view.
The frilled lizard hisses angrily.
You see here 2 stones.
You see here 2 stones.
The frilled lizard closely misses you.
The frilled lizard barely misses Ankhesenamen.
There is a stone staircase leading up here.
The goblin barely misses you.
The orc priest calls down the wrath of Beogh upon you.
Beogh smites you!
You die...

#...............
######o.##.......
................## ###
###########..#.###.#
...
...##...###.#.###+#
#.####.#......o.#.....
#.........o(.o........
#....g...)..........
#....@Rl............
#.......#.(..........
#....................
#.(........(...>.....
#.......####(.##.....
############.(.......
........#.#####.
......(........
...............


You could see the friendly Ankhesenamen the ancestor, an orc priest, 2 orcs, a
goblin and a frilled lizard.

Vanquished Creatures
  An adder (D:3)
  4 worms
  A dart slug (D:1)
  3 leopard geckos
  An orc (D:3)
  2 ball pythons
  2 giant cockroaches
  9 goblins
  5 hobgoblins (D:2)
  11 jackals
  6 kobolds
  A quokka (D:2)
  9 bats
  2 frilled lizards (D:2)
  A rat (D:2)
58 creatures vanquished.

Vanquished Creatures (collateral kills)
  A jackal (D:3)
1 creature vanquished.

Vanquished Creatures (others)
  An ancestor (D:3)
1 creature vanquished.

Grand Total: 60 creatures vanquished

Notes
Turn   | Place    | Note
-------+----------+-------------------------------------------
     0 | D:1      | useraccount the Cyno Skald began the quest for the Orb.
     0 | D:1      | Reached XP level 1. HP: 17/17 MP: 4/4
   356 | D:1      | Reached XP level 2. HP: 18/24 MP: 6/6
   487 | D:1      | You fall through a shaft!
   821 | D:2      | Learned a level 2 spell: Song of Slaying
   993 | D:2      | Reached XP level 3. HP: 30/30 MP: 7/7
  1012 | D:2      | Learned a level 3 spell: Spectral Weapon
  1479 | D:2      | Found a sacrificial altar of Ru.
  1587 | D:2      | Found a hide-covered altar of Uskayaw.
  1587 | D:2      | Found a hazy altar of Hepliaklqana.
  1695 | D:2      | Became a worshipper of Hepliaklqana the Forgotten
  1973 | D:3      | Reached XP level 4. HP: 20/34 MP: 8/8
  1978 | D:3      | Learned a level 3 spell: Regeneration
  2236 | D:3      | Found a runed door.
  2492 | D:3      | Killed from afar by an orc priest

Vault maps used:
D:1:      dpeg_arrival_connections
D:2:      lemuel_coloured_pillars_altar, amethyst_overflow_temple_binary
D:3:      minmay_goblin_kobold_castle, uniq_crazy_yiuf_cottage, uniq_grinder

Skill      XL: |  1  2  3 |
---------------+----------+-----
Fighting       | 3 4 |  4.8
Polearms       | 3 4 |  4.7
Armour         | |  1.3
Dodging        | |  2.6
Spellcasting   | |  3.0
Charms         | |  4.0

Action                   |  1- 3 |  4- 6 || total
-------------------------+-------+-------++-------
Melee: Spear             |   209 |    26 ||   235
 Cast: Infusion          |     7 |       ||     7
       Song of Slaying   |     2 |       ||     2
 Stab: Sleeping          |       |     1 ||     1
  Eat: Chunk             |     4 |     1 ||     5
Armor: Leather armour    |    34 |     2 ||    36
Dodge: Dodged            |   115 |    15 ||   130
